 Dungeon Crawl Stone Soup version 0.30-a0-782-ge64f9170bb (webtiles) character file.

Game seed: 16080180026846482458

2734 senseless the Skirmisher (level 9, -7/63 (71) HPs)
             Began as a Formicid Hunter on Mar 15, 2023.
             Was a Priest of Zin.
             Killed from afar by Maggie (34 damage)
             ... with a bolt of fire
             ... on level 7 of the Dungeon.
             The game lasted 00:27:29 (6263 turns).

senseless the Skirmisher (Formicid Hunter)          Turns: 6263, Time: 00:27:30

HP:   -7/63 (71)    AC: 14    Str: 28    XL:     9   Next: 99%
MP:   9/9           EV: 12    Int: 10    God:    Zin [***...]
Gold: 414           SH: 11    Dex: 30    Spells: 8/8 levels left

rFire   x . .      SeeInvis +    b - +3 whip
rCold   + . .      Faith    .    G - +0 kite shield
rNeg    . . .      Spirit   .    C - +5 scale mail of the Vanishing Leylines {rPois Int+4}
rPois   +          Reflect  .    (helmet unavailable)
rElec   .          Harm     .    (no cloak)
rCorr   .          Rampage  .    y - +0 pair of gloves
Will    .....      Clarity  +    z - +0 pair of boots
Stlth   +                        (no amulet)
HPRegen 0.30/turn                w - ring "Loluh" {rPois Str+9 Int-2 Dex+3 Stlth-}
MPRegen 0.11/turn                p - ring "Basouv" {Ice rPois Str+4 Dex+2}

@: mighty, heavily drained
A: permanent stasis, dig shafts and tunnels, antennae 3, four strong arms, agile
1, clarity
a: Dig, Shaft Self, Renounce Religion, Recite, Vitalisation, Imprison, Donate
Gold


You were on level 7 of the Dungeon.
You worshipped Zin.
Zin was most pleased with you.
You visited 2 branches of the dungeon, and saw 8 of its levels.
You also visited: Ossuary.

You collected 459 gold pieces.
You donated 45 gold pieces to Zin.

Inventory:

Hand Weapons
 a - a +1 shortbow of chaos
 b - a +3 whip (weapon)
 o - a +2 dagger of venom
 q - a +2 whip of freezing
 s - a +0 dagger of freezing
 E - a +2 battleaxe
 I - a +5 dagger
Missiles
 i - 8 poisoned darts
 n - a throwing net
Armour
 c - a +0 leather armour
 f - a +0 chain mail of willpower
 j - a +0 chain mail
 y - a +0 pair of gloves (worn)
 z - a +0 pair of boots (worn)
 C - the +5 scale mail of the Vanishing Leylines (worn) {rPois Int+4}
   (You found it in an ossuary)

   Int:       It affects your intelligence (+4).
   rPois:     It protects you from poison.
 G - a +0 kite shield (worn)
Jewellery
 e - a ring of protection from cold
 p - the ring "Basouv" (right hand) {Ice rPois Str+4 Dex+2}
   (You found it on level 3 of the Dungeon)

   [ring of ice]

   It enhances your ice magic.
   Str:       It affects your strength (+4).
   Dex:       It affects your dexterity (+2).
   rF:        It makes you vulnerable to fire.
   rC:        It protects you from cold.
   rPois:     It protects you from poison.
 u - a ring of protection from fire
 w - the ring "Loluh" (left hand) {rPois Str+9 Int-2 Dex+3 Stlth-}
   (You found it on level 4 of the Dungeon)

   [ring of poison resistance]

   Str:       It affects your strength (+9).
   Int:       It affects your intelligence (-2).
   Dex:       It affects your dexterity (+3).
   rPois:     It protects you from poison.
   Stlth:     It makes you less stealthy.
 J - the Hermit's Pendant {Faith Invo=14 Evo=0 MP+5}
   (You took it off an orc on level 7 of the Dungeon)

   [amulet of faith]

   Invo=14: It sets your Invocations skill to 14.
   Evo=0: It sets your Evocations skill to 0.
   It allows you to gain divine favour quickly.
   MP:        It affects your magic capacity (+5).
Wands
 F - a wand of acid (10)
 M - a wand of digging (8)
Scrolls
 k - 5 scrolls of immolation
 l - 3 scrolls of fear
 x - 4 scrolls of poison
 D - 5 scrolls of identify
 L - 3 scrolls of amnesia
Potions
 d - 4 potions of lignification
 g - a potion of might
 h - 2 potions of magic
 m - 2 potions of brilliance
 r - 9 potions of curing
 t - 2 potions of heal wounds
 v - a potion of flight
 A - 2 potions of resistance
 B - 2 potions of mutation
 H - a potion of attraction
 K - a potion of cancellation {unknown}


   Skills:
 + Level 6.7 Fighting
 + Level 4.1 Maces & Flails
 + Level 9.2 Ranged Weapons
 + Level 4.0 Armour
 + Level 4.0 Dodging
 - Level 4.1 Stealth
 + Level 2.2 Shields


You had 8 spell levels left.
You didn't know any spells.
Your spell library contained the following spells:

 Spells                   Type           Power      Damage    Failure   Level
 Alistair's Intoxication  Tmut/Pois      0%         N/A       100%        5
 Borgnjor's Vile Clutch   Necr/Erth      0%         N/A       100%        5
 Summon Forest            Summ/Tloc      0%         N/A       100%        5
 Summon Mana Viper        Hex/Summ       0%         N/A       100%        5
 Eringya's Noxious Bog    Tmut/Pois      0%         N/A       100%        6
 Summon Cactus Giant      Summ           0%         N/A       100%        6


Dungeon Overview and Level Annotations

Branches:
Dungeon (7/15)             Temple (1/1) D:6         Ossuary (visited)

Altars:
Ashenzari
Cheibriados
Dithmenos
Elyvilon
Fedhas
Hepliaklqana
Kikubaaqudgha
Makhleb
Nemelex Xobeh
Okawaru
Qazlal
Ru
Sif Muna
Trog
Vehumet
Wu Jian
Xom
Yredelemnul
Zin
The Shining One

Annotations:
D:3 2 transporters
D:7 Maggie


Innate Abilities, Weirdness & Mutations

You cannot be hasted, slowed, berserked, paralysed or teleported.
You can dig through walls and to a lower floor.
You have a pair of large antennae on your head. (SInv)
Your four strong arms can wield two-handed weapons with a shield.
You are agile. (Dex +4, Str/Int -1)
You possess an exceptional clarity of mind.


Message History

Maggie is moderately wounded.
Maggie zaps a wand.
You easily resist.
You hit Maggie but do no damage.
Maggie is moderately wounded.
Maggie zaps a wand.
Zin protects your body from unnatural transformation!
You hit Maggie.
Maggie is moderately wounded.
Maggie hits you with a +0 broad axe of draining!
You feel drained.
You hit Maggie.
Maggie is heavily wounded.
Maggie hits you with a +0 broad axe of draining.
You feel drained.
You hit Maggie.
Maggie is heavily wounded.
Maggie casts a spell.
Maggie attempts to bespell you!
You are unaffected.
You hit Maggie but do no damage.
Maggie is heavily wounded.
Maggie hits you with a +0 broad axe of draining!
You feel drained.
You closely miss Maggie.
Maggie is heavily wounded.
You block Maggie's attack.
You hit Maggie but do no damage.
Maggie is heavily wounded.
Maggie casts a spell at you. The bolt of fire hits you!!
The fire burns you terribly!
* * * LOW HITPOINT WARNING * * *
You feel much better. Maggie misses you.
You feel very mighty all of a sudden. Maggie gestures at you while chanting.
The bolt of fire misses you.
You hit Maggie.
Maggie is heavily wounded.
Maggie points at you and mumbles some strange words.
The bolt of fire hits you!! The fire burns you terribly!
Ouch! That really hurt!
You die...

#####.###.# #..#
..........# #...
#####.##### #.##
#####.# #.# #...#.#
#.# .<..#.# #.#
#...#.########.# #
##?............###.#
####...........@@.#
#.############## #.#
#.# #####.# ......#
#######


You could see Maggie.

Vanquished Creatures
  Sigmund (D:2)
  Menkaure (D:4)
  3 ice beasts
  2 sky beasts (D:6)
  5 ogres
  2 phantoms
  A bullfrog (D:7)
  3 scorpions
  2 water moccasin zombies (Ossuary)
  4 wights (D:7)
  The ghost of theswoord the Twirler, a weakling DsGl (D:3)
  2 howler monkeys (D:7)
  5 hounds
  3 orc priests
  2 iguanas
  4 orc wizards
  2 mummies (Ossuary)
  10 gnolls
  9 adders
  A shadow imp (D:6)
  5 adder zombies (Ossuary)
  3 worms
  17 orcs
  3 bats
  9 endoplasms
  4 giant cockroaches
  8 gnoll zombies (Ossuary)
  6 hobgoblins
  8 jackals
  7 kobolds
  2 quokkas
  9 ball pythons
  5 frilled lizards
  8 goblins
  4 hobgoblin zombies (Ossuary)
  9 kobold zombies (Ossuary)
  8 orc zombies (Ossuary)
  3 rats
181 creatures vanquished.

Vanquished Creatures (others)
  3 fungi (D:2)
3 creatures vanquished.

Grand Total: 184 creatures vanquished

Notes
Turn   | Place    | Note
-------+----------+-------------------------------------------
     0 | D:1      | senseless the Formicid Hunter began the quest for the Orb.
     0 | D:1      | Reached XP level 1. HP: 16/16 MP: 1/1
    48 | D:1      | Reached XP level 2. HP: 23/23 MP: 2/2
   254 | D:1      | Reached XP level 3. HP: 26/28 MP: 3/3
   794 | D:2      | HP: 1/28 [gnoll/+0 halberd (14)]
  1024 | D:2      | Reached XP level 4. HP: 34/34 MP: 4/4
  1136 | D:2      | Noticed Sigmund
  1148 | D:2      | Killed Sigmund
  1149 | D:2      | Reached XP level 5. HP: 17/42 MP: 5/5
  1149 | D:2      | Reached XP level 6. HP: 20/48 MP: 6/6
  1864 | D:3      | Reached skill level 5 in Ranged Weapons
  1920 | D:3      | Found a transporter.
  1923 | D:3      | Identified the ring "Basouv" {Ice rPois Str+4 Dex+2}
  2074 | D:3      | Found a runed translucent door.
  2080 | D:3      | Noticed theswoord's ghost (weakling DsGl)
  2108 | D:3      | Killed theswoord's ghost
  2243 | D:3      | Reached XP level 7. HP: 54/54 MP: 7/7
  2479 | D:3      | Found a transporter.
  2814 | D:3      | Found a sparkling altar of Nemelex Xobeh.
  2823 | D:3      | Found an ornate altar of the Wu Jian Council.
  2823 | D:3      | Found a shimmering altar of Xom.
  2825 | D:3      | Found a blossoming altar of Fedhas.
  2825 | D:3      | Found a shadowy altar of Dithmenos.
  2825 | D:3      | Found a bloodstained altar of Trog.
  3042 | D:4      | Reached skill level 1 in Armour
  3078 | D:4      | Noticed Menkaure
  3085 | D:4      | Killed Menkaure
  3086 | D:4      | Reached skill level 1 in Maces & Flails
  3208 | D:4      | Reached skill level 6 in Ranged Weapons
  3265 | D:4      | Found a broken altar of Ashenzari.
  3289 | D:4      | Found a burning altar of Makhleb.
  3464 | D:4      | Identified the ring "Loluh" {rPois Str+9 Int-2 Dex+3
                  | Stlth-}
  3476 | D:4      | Reached XP level 8. HP: 61/61 MP: 8/8
  3572 | D:4      | Found a shadowy altar of Dithmenos.
  3748 | D:4      | Found a stormy altar of Qazlal.
  3750 | D:4      | Noticed a water elemental
  3751 | D:4      | Noticed a fire elemental
  3751 | D:4      | Noticed an air elemental
  3815 | D:5      | Entered Level 5 of the Dungeon
  3922 | D:5      | Found a sand-covered staircase.
  3934 | D:5      | Reached skill level 5 in Fighting
  3934 | D:5      | Reached skill level 7 in Ranged Weapons
  3938 | Ossuary  | Entered an ossuary
  4134 | Ossuary  | Identified the +5 scale mail of the Vanishing Leylines
                  | {rPois Int+4}
  4244 | D:5      | Gained mutation: You are agile. (Dex +4, Str/Int -1)
                  | [potion of mutation]
  4244 | D:5      | Gained mutation: You occasionally lose the ability to read
                  | scrolls when taking damage. [potion of mutation]
  4244 | D:5      | Gained mutation: Your system is resistant to poisons.
                  | (rPois) [potion of mutation]
  4245 | D:5      | Lost mutation: You occasionally lose the ability to read
                  | scrolls when taking damage. [potion of mutation]
  4245 | D:5      | Lost mutation: Your system is resistant to poisons. (rPois)
                  | [potion of mutation]
  4245 | D:5      | Gained mutation: You possess an exceptional clarity of
                  | mind. [potion of mutation]
  4433 | D:5      | Reached XP level 9. HP: 67/68 MP: 9/9
  4588 | D:5      | Reached skill level 8 in Ranged Weapons
  4651 | D:6      | Found a staircase to the Ecumenical Temple.
  4709 | Temple   | Entered the Ecumenical Temple
  4709 | Temple   | Found a transporter.
  4709 | Temple   | Found a transporter.
  4711 | Temple   | Found a transporter.
  4711 | Temple   | Found a transporter.
  5017 | D:6      | Found a glowing silver altar of Zin.
  5091 | D:6      | Became a worshipper of Zin the Law-Giver
  5091 | D:6      | Reached * piety under Zin
  5169 | D:6      | Reached skill level 9 in Ranged Weapons
  5171 | D:6      | Reached ** piety under Zin
  5485 | D:6      | Found an ancient bone altar of Kikubaaqudgha.
  5489 | D:6      | Found an iron altar of Okawaru.
  5494 | D:6      | Found an ornate altar of the Wu Jian Council.
  5652 | D:7      | Reached skill level 1 in Shields
  5998 | D:7      | Reached *** piety under Zin
  6245 | D:7      | Noticed Maggie
  6263 | D:7      | Killed from afar by Maggie

Illustrated notes

Levels and vault maps discovered:
D:1:      dpeg_arrival_boxorama, layout_rooms, chequers_avenue,
          minmay_nonomino_d4
D:2:      minmay_chambers_of_ones, layout_rooms, minmay_misc_feat_plants,
          uniq_sigmund
D:3:      gammafunk_steamed_eel, layout_basic, doesnt_xom_only_xom,
          ebering_ghost_sewer_d
D:4:      layout_loops_ring, general_overflow_altar,
          nicolae_qazlal_style_of_elements, nicolae_dithmenos_the_darkroom,
          amcnicky_altar_gilded, uniq_menkaure
D:5:      layout_rooms, enter_ossuary_3
D:6:      layout_basic, kennysheep_mini_moat, grunt_temple_overflow_diamond
D:7:      layout_loops_ring, minivault_10, uniq_maggie
Temple:   hellmonk_temple_divided_pantheon

Skill      XL: |  1  2  3  4  5  6  7  8  9 |
---------------+----------------------------+-----
Dodging        | 2 3 4 |  4.0
Stealth        | 2 3 4 |  4.1
Fighting       | 3 4 5 6 |  6.7
Ranged Weapons | 5 6 7 9 |  9.2
Armour         | 2 3 4 |  4.0
Maces & Flails | 1 2 4 |  4.1
Shields        | 2 |  2.2

Action                     |  1- 3 |  4- 6 |  7- 9 || total
---------------------------+-------+-------+-------++-------
  Melee: Whip              |       |    28 |   232 ||   260
         Punch             |       |     1 |       ||     1
   Fire: Shortbow          |    73 |    67 |   264 ||   404
Ability: Dig               |       |       |     1 ||     1
    Use: Scroll            |     5 |     3 |    15 ||    23
         Potion            |       |     1 |     4 ||     5
 Armour: Leather armour    |     6 |     5 |     6 ||    17
         Chain mail        |       |       |    52 ||    52
         Scale mail        |       |       |    62 ||    62
  Dodge: Dodged            |    26 |    31 |   198 ||   255
  Block: Kite shield       |       |       |    69 ||    69

Table legend: (Time is in decaauts)
 A = Elapsed time spent in this place.
 B = Non-inter-level travel time spent in this place.
 C = Inter-level travel time spent in this place.
 D = Time resting spent in this place.
 E = Time spent auto-exploring this place.
 F = Levels seen in this place.
 G = Mean time per level.
                   A        B        C        D        E       F      G
               +--------+--------+--------+--------+--------+-----+--------+
         Total |   6390 |   5924 |    466 |    147 |   4320 |   9 |  710.0 |
       Dungeon |   6093 |   5636 |    457 |    147 |   4225 |   7 |  870.4 |
        Temple |     35 |     26 |      9 |      0 |      7 |   1 |   35.0 |
       Ossuary |    260 |    260 |      0 |      0 |     88 |   1 |  260.0 |
               +--------+--------+--------+--------+--------+-----+--------+

Top non-repeatable levels by time:
     D:3: 1325 daAuts
     D:6: 952 daAuts
     D:2: 880 daAuts
     D:4: 849 daAuts
     D:1: 818 daAuts
     D:7: 643 daAuts
     D:5: 623 daAuts
 Ossuary: 260 daAuts
  Temple: 35 daAuts
